 Dungeon Crawl Stone Soup version 0.20.0-15-g7f486f2 (webtiles) character file.

121 robba the Grave Robber (level 5, -1/35 HPs)
             Began as a Human Necromancer on June 26, 2017.
             Slain by Sigmund
             ... wielding a +0 scythe
              (8 damage)
             ... on level 2 of the Dungeon.
             The game lasted 00:18:34 (1802 turns).

robba the Grave Robber (Human Necromancer)          Turns: 1802, Time: 00:18:34

Health: -1/35      AC:  3    Str:  8    XL:     5   Next: 26%
Magic:  10/10      EV: 12    Int: 16    God:
Gold:   78         SH:  0    Dex: 14    Spells: 1/10 levels left

rFire    + . .     SeeInvis .   k - +0 dagger
rCold    . . .     Gourm    .   (no shield)
rNeg     . . .     Faith    .   d - +0 leather armour
rPois    .         Spirit   .   (no helmet)
rElec    .         Reflect  .   (no cloak)
rCorr    .         Harm     .   (no gloves)
MR       .....                  (no boots)
Stlth    ++........             (no amulet)
Regen    0.2/turn               e - ring of protection from fire
MPRegen  0.2/turn               (no ring)

@: no status effects
A: no striking features
a: no special abilities


You were on level 2 of the Dungeon.
You were not hungry.

You visited 1 branch of the dungeon, and saw 2 of its levels.

You collected 78 gold pieces.

Inventory:

Hand Weapons
 k - a +0 dagger (weapon)
 o - a +0 short sword
Missiles
 g - 51 stones (quivered)
Armour
 a - a +0 robe
 d - a +0 leather armour (worn)
 p - a +0 chain mail
Jewellery
 e - a ring of protection from fire (left hand)
Scrolls
 f - a scroll of enchant armour {unknown}
 h - 2 scrolls of teleportation {unknown}
 j - 2 scrolls of amnesia {unknown}
 r - a scroll of identify
Potions
 i - 2 potions of curing
 m - a potion of might
Books
 b - a book of Necromancy

   Spells                             Type                      Level
   a - Pain                           Necromancy                   1
   b - Animate Skeleton               Necromancy                   1
   c - Vampiric Draining              Necromancy                   3
   d - Regeneration                   Charms/Necromancy            3
   e - Animate Dead                   Necromancy                   4
   f - Control Undead                 Necromancy                   4
Comestibles
 c - 4 bread rations
 l - a royal jelly
 n - 4 fruits
 q - 4 chunks of flesh


   Skills:
 + Level 0.2 Fighting
 + Level 0.2 Short Blades
 + Level 1.2 Armour
 + Level 2.3 Dodging
 + Level 2.0 Stealth
 + Level 3.3 Spellcasting
 + Level 4.8 Necromancy


You had one spell level left.
You knew the following spells:

 Your Spells              Type           Power        Failure   Level  Hunger
a - Pain                  Necr           ###.         3%          1    None
b - Animate Skeleton      Necr           N/A          3%          1    None
c - Vampiric Draining     Necr           ###.......   11%         3    ###....
d - Control Undead        Necr           ###.......   34%         4    ####...


Dungeon Overview and Level Annotations

Branches:
Dungeon (2/15)

Altars:

Annotations:
D:2 Natasha, Sigmund


Message History

Aiming: Pain
Press: ? - help, Shift-Dir - straight line, f - Sigmund
Aim: Sigmund, wielding a scythe and wearing a robe (moderately wounded, chance to defeat MR: 84%) Natasha is unaffected.
Sigmund points at you and mumbles some strange words.
The magic dart hits you!
* * * LOW HITPOINT WARNING * * *
Natasha claws Sigmund.
Sigmund misses you.
Natasha claws Sigmund.
Natasha claws Sigmund.
You see here 15 bolts.
Sigmund mumbles some strange words.
Sigmund flickers and vanishes!
Deactivating autopickup; reactivate with Ctrl-A.
Natasha claws something.
Natasha, Servant of Life and Death comes into view.
Some of the chunks of flesh in your inventory have rotted away.
Something hits you but does no damage. Something hits you!
You die...

# #. . ... ###. #.#
###...###### #<.# ######
...........###..# ......#
...............# .......
#...>.........# ......#
#........@....# ......#
#............## ##.#..... #
#.......{########........ #.
#.......Z....(...)#
#.####...#..#..#######.<.....
#...#..#.......# .#.....
#....#...#...# #. .... ##
#.......##..## .. ...
..##......#....##### ... ..


You could see the friendly Natasha the felid skeleton.

Vanquished Creatures
  Terence (D:2)
  Natasha (D:2)
  An adder (D:2)
  A dart slug (D:1)
  A leopard gecko (D:1)
  2 giant cockroaches
  6 goblins
  3 hobgoblins
  2 jackals (D:1)
  3 bats (D:1)
  A frilled lizard (D:1)
  3 kobolds (D:1)
  6 rats
31 creatures vanquished.

Vanquished Creatures (collateral kills)
  Natasha (D:2)
  An adder (D:2)
  A dart slug (D:1)
  A bat (D:1)
  A giant cockroach (D:2)
  A goblin (D:1)
  A hobgoblin (D:1)
  2 rats (D:1)
9 creatures vanquished.

Vanquished Creatures (others)
  A leopard gecko skeleton (D:1)
1 creature vanquished.

Grand Total: 41 creatures vanquished

Notes
Turn   | Place    | Note
-------+----------+-------------------------------------------
     0 | D:1      | robba the Human Necromancer began the quest for the Orb.
     0 | D:1      | Reached XP level 1. HP: 13/13 MP: 3/3
    45 | D:1      | Learned a level 1 spell: Animate Skeleton
   232 | D:1      | Reached XP level 2. HP: 16/19 MP: 0/5
   713 | D:1      | Reached XP level 3. HP: 15/24 MP: 0/6
  1566 | D:2      | Noticed Terence
  1573 | D:2      | Noticed Natasha
  1574 | D:2      | Killed Terence
  1574 | D:2      | Reached XP level 4. HP: 26/30 MP: 2/8
  1579 | D:2      | Learned a level 3 spell: Vampiric Draining
  1592 | D:2      | Killed Natasha
  1607 | D:2      | Noticed Natasha
  1612 | D:2      | Killed Natasha
  1612 | D:2      | Reached XP level 5. HP: 5/35 MP: 1/9
  1618 | D:2      | Learned a level 4 spell: Control Undead
  1720 | D:2      | Reached skill level 1 in Armour
  1773 | D:2      | Noticed Sigmund
  1795 | D:2      | Noticed Natasha
  1802 | D:2      | Slain by Sigmund

Skill      XL: |  1  2  3  4  5 |
---------------+----------------+-----
Spellcasting   | 3 |  3.3
Armour         | 1 |  1.2
Fighting       | |  0.2
Short Blades   | |  0.2
Dodging        | |  2.3
Stealth        | |  2.0
Necromancy     | |  4.8

Action                   |  1- 3 |  4- 6 || total
-------------------------+-------+-------++-------
Melee: Unarmed           |     9 |       ||     9
       Dagger            |    19 |    14 ||    33
 Cast: Pain              |    41 |    12 ||    53
       Animate Skeleton  |    16 |     3 ||    19
  Use: Potion            |     2 |     1 ||     3
       Scroll            |     1 |       ||     1
  Eat: Chunk             |     2 |       ||     2
       Meat ration       |     1 |       ||     1
Armor: Leather armour    |    32 |     2 ||    34
Dodge: Dodged            |    52 |    19 ||    71
